 Dungeon Crawl Stone Soup version 0.31-a0-631-g285b096dc4 (webtiles) character file.

Game seed: 11727685092862693745

72 inmateoo the Sneak (level 4, -3/22 HPs)
             Began as a Spriggan Conjurer on Aug 26, 2023.
             Killed from afar by an orc wizard (5 damage)
             ... with a puff of flame
             ... on level 2 of the Dungeon.
             The game lasted 00:02:47 (1718 turns).

inmateoo the Sneak (Spriggan Conjurer)              Turns: 1718, Time: 00:02:48

Health: -3/22      AC:  2    Str:  3    XL:     4   Next: 6%
Magic:  10/10      EV: 17    Int: 21    God:
Gold:   24         SH:  0    Dex: 13    Spells: 6/9 levels left

rFire   . . .        f - +3 short sword
rCold   . . .        (no shield)
rNeg    . . .        a - +0 robe
rPois   .            (helmet restricted)
rElec   .            (no cloak)
rCorr   .            (gloves unavailable)
SInv    +            (boots unavailable)
Will    .....        (no amulet)
Stlth   +++          (no ring)
HPRegen 0.23/turn    (no ring)
MPRegen 0.12/turn

%: no passive effects
@: very quick
A: very small, no large weapons, unfitting armour, see invisible, speed 3
a: no special abilities


You were on level 2 of the Dungeon.
You visited 1 branch of the dungeon, and saw 2 of its levels.

You collected 24 gold pieces.

Inventory:

Hand Weapons
 e - a +0 dagger
 f - a +3 short sword (weapon)
Missiles
 j - 5 poisoned darts
Armour
 a - a +0 robe (worn)
Scrolls
 c - a scroll of silence {unknown}
 i - a scroll of immolation {unknown}
Potions
 d - a potion of attraction {unknown}
 g - a potion of heal wounds {unknown}
 h - a potion of invisibility {unknown}


   Skills:
 + Level 1.1 Fighting
 + Level 3.4 Dodging
 + Level 4.1 Stealth
 + Level 3.3 Spellcasting
 + Level 3.2 Conjurations


You had 6 spell levels left.
You knew the following spells:

 Your Spells              Type           Power      Damage    Failure   Level
a - Magic Dart            Conj           68%        1d6       3%          1
b - Searing Ray           Conj           34%        2d5       4%          2

Your spell library contained the following spells:

 Spells                   Type           Power      Damage    Failure   Level
 Dazzling Flash           Conj/Hex       20%        N/A       21%         3
 Fulminant Prism          Conj/Hex       5%         3d7       54%         4
 Iskenderun's Mystic Bla  Conj/Tloc      10%        2d4       54%         4


Dungeon Overview and Level Annotations

Branches:
Dungeon (2/15)

Altars:


Innate Abilities, Weirdness & Mutations

You are very small and have problems with some larger weapons.
You are too small for most types of armour.
You have supernaturally acute eyesight. (SInv)
You cover ground extremely quickly. (Speed+++)


Message History

You closely miss the orc wizard.
The orc wizard is severely wounded.
The orc wizard closely misses you.
Casting: Searing Ray (safe; 4% risk of failure)
Confirm with . or Enter, or press ? or * to list all spells.
Aiming: Magic Dart (safe; 3% risk of failure)
Press: ? - help, Shift-Dir - straight line, f - orc wizard
Aim: an orc wizard, wielding a +0 dagger and wearing a +0 robe (severely wounded, 100% to hit)
The magic dart hits the orc wizard but does no damage.
The orc wizard is severely wounded.
The orc wizard casts a spell at you. The puff of flame hits you!
Ouch! That really hurt!
You hit the orc wizard but do no damage.
The orc wizard is severely wounded.
The orc wizard misses you.
Casting: Magic Dart (safe; 3% risk of failure)
Confirm with . or Enter, or press ? or * to list all spells.
Aiming: Magic Dart (safe; 3% risk of failure)
Press: ? - help, Shift-Dir - straight line, f/p - orc wizard
Aim: an orc wizard, wielding a +0 dagger and wearing a +0 robe (severely wounded, 100% to hit)
The magic dart hits the orc wizard but does no damage.
The orc wizard is severely wounded.
The orc wizard closely misses you.
You miss the orc wizard.
The orc wizard is severely wounded.
The orc wizard points at you and mumbles some strange words.
The magic dart hits you.
* * * LOW HITPOINT WARNING * * *
You closely miss the orc wizard.
The orc wizard is severely wounded.
The orc wizard hits you with a +0 dagger.
* * * LOW HITPOINT WARNING * * *
Okay, then.
There are monsters nearby!
Unknown command.
Magic courses through your body. The orc wizard casts a spell at you.
The puff of flame hits you.
You die...

....... #.#.##########.#
....... #...# #.#
....... ##### #.#
####... #.# #.# #.#
#.######
...##############.......
...).wo@.......#########
...###########.#########
#................
#.#####.######### #.#
#.# #.# #.# #.#


You could see a worm and an orc wizard.

Vanquished Creatures
  2 adders (D:2)
  A dart slug (D:1)
  7 orcs (D:2)
  3 ball pythons
  5 bats
  3 endoplasms
  4 goblins
  3 hobgoblins
  3 kobolds
  2 quokkas (D:1)
  7 frilled lizards (D:1)
  3 rats
43 creatures vanquished.

Notes
Turn   | Place    | Note
-------+----------+-------------------------------------------
     0 | D:1      | inmateoo the Spriggan Conjurer began the quest for the Orb.
     0 | D:1      | Reached XP level 1. HP: 9/9 MP: 5/5
   255 | D:1      | Found a faded altar of an unknown god.
   295 | D:1      | Reached XP level 2. HP: 13/13 MP: 4/6
   543 | D:1      | Learned a level 2 spell: Searing Ray
   830 | D:1      | Reached XP level 3. HP: 17/17 MP: 0/8
  1231 | D:2      | Reached skill level 1 in Fighting
  1414 | D:2      | Reached skill level 4 in Stealth
  1709 | D:2      | Reached XP level 4. HP: 19/22 MP: 3/10
  1718 | D:2      | Killed from afar by an orc wizard

Illustrated notes

Levels and vault maps discovered:
D:1:      matt_arrival_diagonals, layout_loops_cross, basic_ecumenical_altar,
          minmay_lizard_king
D:2:      layout_basic

Skill      XL: |  1  2  3 |
---------------+----------+-----
Conjurations   | 3 |  3.2
Dodging        | 3 |  3.4
Spellcasting   | 3 |  3.3
Fighting       | 1 |  1.1
Stealth        | 4 |  4.1

Action                     |  1- 3 |  4- 6 || total
---------------------------+-------+-------++-------
  Melee: Short sword       |    15 |     4 ||    19
         Dagger            |     2 |       ||     2
         Punch             |     1 |       ||     1
   Cast: Magic Dart        |    76 |     2 ||    78
         Searing Ray       |     3 |       ||     3
    Use: Potion            |       |     1 ||     1
  Dodge: Dodged            |    14 |     3 ||    17

Table legend: (Time is in decaauts)
 A = Elapsed time spent in this place.
 B = Non-inter-level travel time spent in this place.
 C = Inter-level travel time spent in this place.
 D = Time resting spent in this place.
 E = Time spent auto-exploring this place.
 F = Levels seen in this place.
 G = Mean time per level.
                   A        B        C        D        E       F      G
               +--------+--------+--------+--------+--------+-----+--------+
         Total |   1246 |   1209 |     37 |    400 |    531 |   2 |  623.0 |
       Dungeon |   1246 |   1209 |     37 |    400 |    531 |   2 |  623.0 |
               +--------+--------+--------+--------+--------+-----+--------+

Top non-repeatable levels by time:
     D:1: 720 daAuts
     D:2: 525 daAuts
